 Dungeon Crawl Stone Soup version 0.27.1 (webtiles) character file.

Game seed: 17487332026126187302

150 RatsInWalls the Chopper (level 5, 47/47 HPs)
             Began as a Hill Orc Monk on Aug 26, 2021.
             Quit the game on level 3 of the Dungeon on Aug 27, 2021.
             The game lasted 00:08:20 (3089 turns).

RatsInWalls the Chopper (Hill Orc Monk)             Turns: 3089, Time: 00:08:20

Health: 47/47      AC:  6    Str: 15    XL:     5   Next: 32%
Magic:  5/5        EV: 11    Int: 10    God:
Gold:   103        SH:  0    Dex: 13    Spells: 4/4 levels left

rFire    . . .     SeeInvis .   a - +0 hand axe
rCold    . . .     Faith    .   (no shield)
rNeg     . . .     Spirit   .   d - +0 ring mail
rPois    .         Reflect  .   k - +0 helmet
rElec    .         Harm     .   (no cloak)
rCorr    .         Rampage  .   (no gloves)
Will     .....                  (no boots)
Stlth    +.........             (no amulet)
HPRegen  0.15/turn              (no ring)
MPRegen  0.09/turn              (no ring)

@: no status effects
A: no striking features
a: no special abilities


You were on level 3 of the Dungeon.
You visited 1 branch of the dungeon, and saw 3 of its levels.

You collected 103 gold pieces.

Inventory:

Hand Weapons
 a - a +0 hand axe (weapon)
Missiles
 b - 53 stones (quivered)
Armour
 d - a +0 ring mail (worn)
 k - a +0 helmet (worn)
Scrolls
 c - 7 scrolls of identify {unknown}
 g - a scroll of magic mapping {unknown}
 h - a scroll of fog {unknown}
 j - a scroll of teleportation {unknown}
Potions
 e - a potion of haste {unknown}
 f - a potion of invisibility {unknown}
 i - a potion of attraction {unknown}


   Skills:
 + Level 4.3 Fighting
 + Level 5.9 Axes
 + Level 2.3 Armour
 + Level 2.9 Dodging
 - Level 1.5 Stealth


You had 4 spell levels left.
You didn't know any spells.
Your spell library was empty.

Dungeon Overview and Level Annotations

Branches:
Dungeon (3/15)

Altars:
Vehumet


Message History

You open the door.
Found a stone staircase leading up.
There is a stone staircase leading up here.
There is a stone staircase leading up here.
A ball python comes into view.
A ball python is nearby!
The ball python hisses angrily.
You completely miss the ball python. The ball python bites you.
The ball python closely misses you.
You closely miss the ball python. The ball python bites you.
The ball python grabs you. The ball python constricts you.
The ball python barely misses you. The ball python constricts you.
You barely miss the ball python. The ball python bites you.
The ball python constricts you.
You hit the ball python.
The ball python is severely wounded.
The ball python barely misses you. The ball python constricts you.
You hit the ball python.
You kill the ball python!
No target in view!
No target in view!
Found 7 gold pieces.
An endoplasm comes into view.
An endoplasm is nearby!
The endoplasm quivers.
Found 20 stones.
The endoplasm completely misses you.
You hit the endoplasm but do no damage. The endoplasm barely misses you.
You hit the endoplasm.
The endoplasm is severely wounded.
The endoplasm hits you but does no damage.
You hit the endoplasm.
You kill the endoplasm!
No target in view!
You now have 96 gold pieces (gained 7).
You now have 103 gold pieces (gained 7).
b - 53 stones (gained 20)
There is an open door here.
Done exploring.
Done exploring.
Are you sure you want to abandon this character and quit the game? (Confirm with "yes".)

.........# #.##...# #...
.........# #.##...###### #...
.........# #...........# #...
.........## ####...####.# #...
#>........# ##### #.###...
#.####.##.#### #....... #.#
#..^....########### #.......
#.#######รท##.#.........###......#
#...............@................
..########.#.#.#######...#......#
### ######...#.# #...#......#
#........#.# #.....######
#........#.# #...### #.....>..#.#
#...# #####........#.# #...#
...............# #...#
############.###### #...####


There were no monsters in sight!

Vanquished Creatures
  A bullfrog (D:3)
  An orc wizard (D:3)
  An adder skeleton (D:2)
  A worm (D:2)
  2 dart slugs (D:1)
  4 orcs (D:3)
  4 bats
  3 endoplasms
  2 giant cockroaches (D:2)
  4 goblins
  6 hobgoblins
  2 jackals (D:2)
  6 ball pythons
  3 frilled lizards
  2 kobolds (D:2)
  6 rats
48 creatures vanquished.

Notes
Turn   | Place    | Note
-------+----------+-------------------------------------------
     0 | D:1      | RatsInWalls the Hill Orc Monk began the quest for the Orb.
     0 | D:1      | Reached XP level 1. HP: 19/19 MP: 1/1
   364 | D:1      | Reached XP level 2. HP: 18/27 MP: 2/2
  1029 | D:2      | Reached XP level 3. HP: 31/33 MP: 3/3
  1332 | D:2      | Reached skill level 1 in Armour
  1391 | D:2      | Found a faded altar of an unknown god.
  1663 | D:2      | Reached skill level 5 in Axes
  1887 | D:3      | Found a radiant altar of Vehumet.
  1887 | D:3      | Noticed a bullfrog
  1905 | D:3      | Killed a bullfrog
  1906 | D:3      | Reached XP level 4. HP: 18/40 MP: 4/4
  2187 | D:3      | Reached XP level 5. HP: 14/46 MP: 5/5
  3089 | D:3      | Quit the game

Illustrated notes

Levels and vault maps discovered:
D:1:      eino_arrival_druids_welcome, layout_basic
D:2:      layout_loops_ring, chequers_ecumenical_altar_grove,
          kennysheep_generic_room_12
D:3:      layout_basic, nicolae_vehumet_radiance

Skill      XL: |  1  2  3 |
---------------+----------+-----
Fighting       | 4 |  4.3
Armour         | 2 |  2.3
Axes           | 5 |  5.9
Dodging        | |  2.9
Stealth        | |  1.5

Action                   |  1- 3 |  4- 6 || total
-------------------------+-------+-------++-------
Melee: Hand axe          |   138 |    53 ||   191
 Stab: Sleeping          |     3 |       ||     3
Armor: Ring mail         |    46 |    18 ||    64
Dodge: Dodged            |    68 |    28 ||    96
